 Dungeon Crawl Stone Soup version 0.17.2-1-ge4368a0 (webtiles) character file.

212 Goblin1989 the Cutter (level 5, -1/26 HPs)
             Began as a Spriggan Gladiator on Nov 20, 2016.
             Hit by a goblin thrown by Robin (3 damage)
             ... on level 3 of the Dungeon.
             The game lasted 00:07:50 (2498 turns).

Goblin1989 the Cutter (Spriggan Gladiator)          Turns: 2498, Time: 00:07:50

Health: -1/26      AC:  2    Str: 11    XL:     5   Next: 58%
Magic:  6/6        EV: 20    Int: 14    God:
Gold:   136        SH:  6    Dex: 17    Spells: 0 memorised, 4 levels left

rFire  . . .     SeeInvis +     a - +2 short sword (drain)
rCold  . . .     Clarity  .     b - +0 robe
rNeg   . . .     SustAt   .     q - +0 buckler
rPois  .         Gourm    .     c - +0 hat
rElec  .         Spirit   .     (no cloak)
rCorr  .         Warding  .     (gloves unavailable)
rMut   .         Stasis   .     (boots unavailable)
MR     .....                    (no amulet)
Stlth  +++.......               n - +4 ring of intelligence
                                l - ring of flight

@: very quick, not resistant to hostile enchantments, fairly stealthy
A: unfitting armour, see invisible, herbivore 3, speed 3, slow metabolism 2
a: Evoke Flight


You were on level 3 of the Dungeon.
You were not hungry.

You visited 1 branch of the dungeon, and saw 4 of its levels.

You collected 136 gold pieces.

Inventory:

Hand Weapons
 a - a +2 short sword of draining (weapon)
Missiles
 j - 47 stones (quivered)
 m - 34 sling bullets
 Z - 3 throwing nets {=f, !d}
Armour
 b - a +0 robe (worn)
 c - a +0 hat (worn)
 q - a +0 buckler (worn)
Jewellery
 l - a ring of flight (left hand)
 n - a +4 ring of intelligence (right hand)
Wands
 t - a wand of random effects (29)
Scrolls
 g - a scroll of magic mapping {unknown}
 i - 3 scrolls of enchant weapon {unknown}
 r - a scroll of random uselessness {unknown}
Potions
 d - a potion of flight {unknown}
 f - a potion of degeneration {unknown}
 h - 2 potions of heal wounds {!q, @q2}
 k - 2 potions of poison {unknown}
 o - 2 potions of agility
 p - a potion of magic
 s - a potion of berserk rage {unknown}
 u - a potion of beneficial mutation {unknown}
Comestibles
 e - 3 bread rations {@e1}


   Skills:
 + Level 2.1 Fighting
 * Level 5.4 Short Blades
 - Level 2.0 Throwing
 + Level 5.2 Dodging
 + Level 3.2 Stealth
 + Level 1.0 Shields


You had 4 spell levels left.
You didn't know any spells.

Dungeon Overview and Level Annotations

Branches:
Dungeon (4/15)
 Temple: D:4-7

Altars:

Annotations:
D:3 exclusion: Grinder, Grinder; Robin
D:4 Goblin1989's ghost, amateur HaFi


Innate Abilities, Weirdness & Mutations

You are tiny and cannot use many weapons and most armour.
You have supernaturally acute eyesight.
You are a herbivore.
You cover ground extremely quickly.
You need consume almost no food.


Message History

You are too injured to fight recklessly!
You are too injured to fight recklessly!
You are too injured to fight recklessly!
You are too injured to fight recklessly!
You are too injured to fight recklessly!
You are too injured to fight recklessly!
You are too injured to fight recklessly!
You are too injured to fight recklessly!
You barely miss Robin.
Robin is lightly wounded.
Robin zaps a wand.
The magic dart hits you!
* * * LOW HITPOINT WARNING * * *
The goblin misses you.
You take 7 damage, and have 8/26 hp.
MASSIVE DAMAGE!!
Robin zaps a wand.
The magic dart hits you!
* * * LOW HITPOINT WARNING * * *
You take 6 damage, and have 2/26 hp.
MASSIVE DAMAGE!!
Robin throws the goblin at you! You block the goblin's attack.
Robin throws the goblin at you!
You die...

█.)...†))......█.█........
█.█████.█.█.██ █.█........
█.█ █)█.█.████.█.......█
█.█ █..........█.......█
█.█ █.g....███.█████████
█.█ ████.█..███.█ █.█
█........██.█ █.█
████...█....█ █.█
█@██.██..██████ ████████.█
█g█.8.█........ █........█
█.██)██†.████ █████.████
█...█..███ █.█ █.█...██
█.██████████.██..█
█............██.██


█████████████████ You could see Robin and a goblin (frenzied).

Vanquished Creatures
  A scorpion (D:4)
  A hound (D:4)
  An orc priest (D:3)
  Terence (D:3)
  2 adders
  2 worms
  A giant gecko (D:2)
  3 orcs (D:3)
  A ball python (D:2)
  13 goblins
  7 hobgoblins
  A quokka (D:3)
  7 bats
  2 giant cockroaches
  A giant newt (D:1)
  4 jackals (D:1)
  5 kobolds
  A rat (D:3)
54 creatures vanquished.

Notes
Turn   | Place    | Note
--------------------------------------------------------------
     0 | D:1      | Goblin1989 the Spriggan Gladiator began the quest for the Orb.
     0 | D:1      | Reached XP level 1. HP: 10/10 MP: 2/2
   196 | D:1      | Reached XP level 2. HP: 12/14 MP: 3/3
   209 | D:1      | Reached skill level 1 in Stealth
   753 | D:2      | Reached XP level 3. HP: 18/18 MP: 4/4
  1376 | D:3      | Reached XP level 4. HP: 15/23 MP: 5/5
  1662 | D:3      | Noticed Terence
  1683 | D:3      | Killed Terence
  1683 | D:3      | Reached skill level 5 in Short Blades
  1898 | D:3      | Noticed Grinder
  1974 | D:4      | Reached skill level 5 in Dodging
  1974 | D:4      | Reached XP level 5. HP: 13/26 MP: 6/6
  2118 | D:4      | Noticed Goblin1989's ghost (amateur HaFi)
  2384 | D:3      | Noticed Robin
  2475 | D:3      | Reached skill level 1 in Shields
  2498 | D:3      | Hit by a goblin thrown by Robin

Action                   |  1- 3 |  4- 6 || total
-------------------------+-------+-------++-------
Melee: Rapier            |    71 |       ||    71
       Short sword       |    27 |    61 ||    88
Throw: Stone             |       |    16 ||    16
  Use: Scroll            |     6 |       ||     6
 Stab: Sleeping          |     4 |     4 ||     8

Vault maps used:
D:1:      dpeg_arrival_radiant
D:2:      first_bread
D:3:      grunt_decor_one_mirror, uniq_robin, uniq_terence, uniq_grinder,
          uniq_iyjb
D:4:      minmay_temple_entry_grid, nicolae_gozag_seed_capital
